[ AOE2 MATCH · #495871636 ]
UnrankedMalians vs Spanish
[ REPLAY ANALYSIS · EXTRACTED FROM THE RECORDED GAME ]
Feudal
12:09
Castle
19:04
Imperial
35:55
| APM avg | 19.8 |
| APM peak | 50 |
| eAPM avg | 13.7 |
| Villagers / military | 113 / 1030 |
Focus
⚔️ 52.1% · 🌾 47.9%
Gbeto ×677 · Scout Cavalry ×205 · Spearman ×134 · Trade Cart ×31 · Fishing Ship ×12 · Camel Scout ×9
Feudal
17:51
Castle
31:48
Imperial
45:44
| APM avg | 14.3 |
| APM peak | 26 |
| eAPM avg | 10.2 |
| Villagers / military | 149 / 504 |
Focus
⚔️ 34.4% · 🌾 65.6%
Knight ×273 · Spearman ×210 · Fishing Ship ×40 · Trade Cog ×23 · Galley ×7 · Fire Galley ×4
Feudal
10:13
Castle
20:02
Imperial
40:43
| APM avg | 29.7 |
| APM peak | 70 |
| eAPM avg | 16.2 |
| Villagers / military | 124 / 388 |
Focus
⚔️ 51.5% · 🌾 48.5%
Archer ×255 · Longbowman ×52 · Spearman ×30 · Scout Cavalry ×29 · Fishing Ship ×20 · Trebuchet (Packed) ×13
Feudal
11:55
Castle
21:45
Imperial
37:31
| APM avg | 28.5 |
| APM peak | 101 |
| eAPM avg | 23.1 |
| Villagers / military | 268 / 893 |
Focus
⚔️ 52.1% · 🌾 47.9%
Tarkan ×351 · Scout Cavalry ×279 · Cavalry Archer ×142 · Knight ×54 · Skirmisher ×43 · Fishing Ship ×18
Feudal
10:59
Castle
19:39
Imperial
27:25
| APM avg | 25.0 |
| APM peak | 63 |
| eAPM avg | 13.2 |
| Villagers / military | 139 / 669 |
Focus
⚔️ 46.9% · 🌾 53.1%
Skirmisher ×385 · Conquistador ×251 · Trade Cart ×38 · Scout Cavalry ×19 · Trebuchet (Packed) ×14
Feudal
11:34
Castle
18:29
Imperial
38:36
| APM avg | 19.3 |
| APM peak | 43 |
| eAPM avg | 11.9 |
| Villagers / military | 117 / 483 |
Focus
⚔️ 38.6% · 🌾 61.4%
Spearman ×242 · Militia ×158 · Scorpion ×67 · Fishing Ship ×10 · Trebuchet (Packed) ×10 · Centurion ×5
Feudal
10:41
Castle
17:29
Imperial
43:01
| APM avg | 52.8 |
| APM peak | 113 |
| eAPM avg | 21.8 |
| Villagers / military | 176 / 599 |
Focus
⚔️ 36.7% · 🌾 63.3%
Steppe Lancer ×359 · Skirmisher ×171 · Unknown (1920) ×53 · Fire Galley ×19 · Trebuchet (Packed) ×15 · Camel Scout ×13
Feudal
12:29
Castle
18:29
Imperial
—
| APM avg | 13.1 |
| APM peak | 82 |
| eAPM avg | 9.3 |
| Villagers / military | 130 / 191 |
Focus
⚔️ 42.6% · 🌾 57.4%
Spearman ×118 · Shotel Warrior ×41 · Skirmisher ×27 · Militia ×5
Match map
Initial resources + every placement click. Lines = walls · curves = elevation contours. ◆ gold · ⬟ stone · ● berries · ✦ relic · ◌ wall gap
Your base· Open — unwalled flank
AnimedBongodinez's base· Open — 4t gap
vitavidal91's base· Open — unwalled flank
Mex's base· Open — unwalled flank
2Cool2Care's base· Open — 6t gap
GuilleLeopold17's base· Open — unwalled flank
gxv20p4qk's base· Open — 1t gap
tatomagallanes's base· Open — unwalled flank
Smoothed initial terrain · ◌ = detected wall gap · hover for details
Inputs per minute
— felipegarcia92 - - AnimedBongodinez
Build order — felipegarcia92
First 150 of 789 actions detected
| 0:02 | Queue | Villager (Male) |
| 0:02 | Queue | Villager (Male) |
| 0:03 | Queue | Villager (Male) |
| 0:03 | Queue | Villager (Male) |
| 0:03 | Queue | Villager (Male) |
| 0:05 | Build | House |
| 0:12 | Build | House |
| 1:40 | Queue | Villager (Male) |
| 2:02 | Queue | Villager (Male) |
| 2:33 | Queue | Villager (Male) |
| 3:00 | Queue | Villager (Male) |
| 3:01 | Queue | Villager (Male) |
| 3:15 | Queue | Villager (Male) |
| 3:38 | Build | House |
| 3:44 | Build | Mill |
| 3:57 | Queue | Villager (Male) |
| 3:57 | Queue | Villager (Male) |
| 3:57 | Queue | Villager (Male) |
| 4:19 | Research | Loom |
| 4:46 | Queue | Villager (Male) |
| 5:11 | Build | Lumber Camp |
| 5:23 | Queue | Villager (Male) |
| 5:23 | Queue | Villager (Male) |
| 5:38 | Queue | Villager (Male) |
| 5:38 | Queue | Villager (Male) |
| 5:40 | Queue | Villager (Male) |
| 5:40 | Queue | Villager (Male) |
| 6:20 | Queue | Villager (Male) |
| 6:20 | Queue | Villager (Male) |
| 6:20 | Queue | Villager (Male) |
| 6:56 | Build | House |
| 7:02 | Queue | Villager (Male) |
| 7:51 | Queue | Villager (Male) |
| 8:22 | Build | Mining Camp |
| 8:26 | Queue | Villager (Male) |
| 8:26 | Queue | Villager (Male) |
| 8:37 | Build | Mill |
| 8:57 | Queue | Villager (Male) |
| 9:14 | Build | Mining Camp |
| 9:59 | Research | Feudal Age |
| 9:59 | Research | Feudal Age |
| 10:10 | Build | Barracks |
| 10:13 | Build | House |
| 11:22 | Queue | Villager (Male) |
| 11:23 | Queue | Villager (Male) |
| 12:01 | Build | Dock |
| 12:09 | Age | Feudal Age |
| 12:48 | Build | Farm |
| 12:54 | Queue | Villager (Male) |
| 13:04 | Build | Farm |
| 13:05 | Build | Farm |
| 13:05 | Build | Farm |
| 13:07 | Build | Farm |
| 13:16 | Build | House |
| 13:20 | Queue | Demolition Raft |
| 13:24 | Queue | Fishing Ship |
| 13:27 | Queue | Fishing Ship |
| 13:30 | Queue | Villager (Male) |
| 13:42 | Build | Stable |
| 13:58 | Build | Farm |
| 14:01 | Queue | Villager (Male) |
| 14:29 | Build | Lumber Camp |
| 14:50 | Build | Farm |
| 14:52 | Queue | Villager (Male) |
| 15:07 | Queue | Fishing Ship |
| 15:27 | Build | House |
| 15:34 | Queue | Villager (Male) |
| 15:45 | Build | Blacksmith |
| 15:49 | Queue | Villager (Male) |
| 16:03 | Build | Farm |
| 16:11 | Queue | Fishing Ship |
| 16:22 | Research | Castle Age |
| 16:37 | Build | Farm |
| 16:44 | Research | Double-Bit Axe |
| 16:51 | Research | Horse Collar |
| 16:51 | Research | Horse Collar |
| 16:52 | Research | Horse Collar |
| 17:24 | Research | Scale Mail Armor |
| 17:39 | Build | House |
| 18:05 | Build | Farm |
| 18:32 | Queue | Villager (Male) |
| 18:33 | Queue | Villager (Male) |
| 18:34 | Queue | Villager (Male) |
| 18:49 | Build | House |
| 19:04 | Age | Castle Age |
| 19:06 | Queue | Fishing Ship |
| 19:07 | Queue | Fishing Ship |
| 19:07 | Queue | Fishing Ship |
| 19:07 | Queue | Fishing Ship |
| 19:47 | Build | Barracks |
| 19:55 | Build | Town Center |
| 19:58 | Queue | Villager (Male) |
| 20:20 | Build | Farm |
| 20:27 | Build | Farm |
| 20:32 | Research | Squires |
| 20:35 | Research | Pikeman (upgrade) |
| 20:44 | Research | Bloodlines |
| 20:44 | Research | Husbandry |
| 21:05 | Build | House |
| 21:07 | Queue | Villager (Male) |
| 21:08 | Queue | Villager (Male) |
| 21:45 | Research | Forging |
| 21:56 | Build | Castle |
| 21:58 | Queue | Villager (Male) |
| 21:59 | Queue | Villager (Male) |
| 22:10 | Queue | Villager (Male) |
| 22:11 | Queue | Villager (Male) |
| 22:35 | Build | House |
| 22:42 | Build | Stable |
| 22:45 | Build | Stable |
| 22:48 | Queue | Villager (Male) |
| 22:50 | Queue | Villager (Male) |
| 22:59 | Build | Farm |
| 22:59 | Build | Farm |
| 23:05 | Queue | Villager (Male) |
| 23:05 | Queue | Villager (Male) |
| 23:15 | Research | Gold Mining |
| 23:16 | Research | Bow Saw |
| 23:19 | Research | Heavy Plow |
| 23:26 | Build | Farm |
| 23:29 | Queue | Villager (Male) |
| 23:43 | Queue | Spearman |
| 23:44 | Queue | Spearman |
| 23:46 | Queue | Spearman |
| 23:46 | Queue | Spearman |
| 23:47 | Queue | Spearman |
| 23:53 | Build | Farm |
| 23:54 | Queue | Villager (Male) |
| 23:55 | Queue | Villager (Male) |
| 24:06 | Queue | Gbeto |
| 24:06 | Queue | Gbeto |
| 24:08 | Queue | Gbeto |
| 24:10 | Queue | Villager (Male) |
| 24:12 | Queue | Villager (Male) |
| 24:19 | Build | Farm |
| 24:30 | Queue | Villager (Male) |
| 24:33 | Queue | Gbeto |
| 24:41 | Queue | Villager (Male) |
| 24:42 | Queue | Villager (Male) |
| 24:47 | Build | Farm |
| 25:00 | Queue | Villager (Male) |
| 25:00 | Queue | Villager (Male) |
| 25:05 | Queue | Gbeto |
| 25:05 | Queue | Gbeto |
| 25:30 | Queue | Gbeto |
| 25:33 | Queue | Spearman |
| 25:33 | Queue | Spearman |
| 25:37 | Queue | Spearman |
| 25:37 | Queue | Spearman |
| 25:38 | Queue | Spearman |
Build order — AnimedBongodinez
First 150 of 601 actions detected
| 0:03 | Queue | Villager (Male) |
| 0:03 | Queue | Villager (Male) |
| 0:09 | Build | House |
| 0:22 | Queue | Villager (Male) |
| 0:22 | Queue | Villager (Male) |
| 0:36 | Build | House |
| 1:31 | Queue | Villager (Male) |
| 2:02 | Research | Loom |
| 2:06 | Queue | Villager (Male) |
| 2:10 | Research | Loom |
| 2:21 | Build | House |
| 2:54 | Build | Dock |
| 3:01 | Queue | Villager (Male) |
| 3:01 | Queue | Villager (Male) |
| 3:30 | Queue | Villager (Male) |
| 3:31 | Queue | Villager (Male) |
| 3:58 | Queue | Villager (Male) |
| 3:58 | Queue | Villager (Male) |
| 4:16 | Queue | Villager (Male) |
| 4:26 | Build | Mill |
| 5:07 | Queue | Villager (Male) |
| 5:10 | Queue | Villager (Male) |
| 5:30 | Queue | Fishing Ship |
| 5:51 | Queue | Villager (Male) |
| 6:00 | Build | House |
| 6:20 | Queue | Villager (Male) |
| 6:20 | Queue | Villager (Male) |
| 6:31 | Queue | Villager (Male) |
| 6:31 | Queue | Villager (Male) |
| 7:09 | Build | Lumber Camp |
| 7:23 | Queue | Villager (Male) |
| 7:23 | Queue | Villager (Male) |
| 7:24 | Queue | Villager (Male) |
| 7:24 | Queue | Villager (Male) |
| 7:59 | Build | House |
| 8:35 | Queue | Villager (Male) |
| 8:47 | Build | Farm |
| 8:51 | Build | Farm |
| 9:02 | Queue | Fishing Ship |
| 9:02 | Queue | Fishing Ship |
| 9:14 | Build | Dock |
| 9:23 | Build | House |
| 9:26 | Queue | Villager (Male) |
| 9:34 | Queue | Fishing Ship |
| 9:55 | Build | House |
| 9:58 | Queue | Fishing Ship |
| 10:01 | Queue | Villager (Male) |
| 10:12 | Build | House |
| 10:23 | Queue | Fishing Ship |
| 10:24 | Queue | Fishing Ship |
| 10:26 | Queue | Villager (Male) |
| 10:36 | Build | House |
| 10:40 | Build | House |
| 10:52 | Queue | Villager (Male) |
| 10:52 | Queue | Villager (Male) |
| 11:00 | Queue | Fishing Ship |
| 11:14 | Build | Dock |
| 11:36 | Queue | Villager (Male) |
| 11:37 | Queue | Villager (Male) |
| 11:44 | Build | House |
| 11:52 | Queue | Fishing Ship |
| 11:56 | Build | House |
| 12:10 | Queue | Fishing Ship |
| 12:10 | Queue | Fishing Ship |
| 12:11 | Queue | Fishing Ship |
| 12:16 | Build | House |
| 12:30 | Queue | Villager (Male) |
| 12:41 | Build | House |
| 12:45 | Build | House |
| 12:53 | Queue | Villager (Male) |
| 12:54 | Queue | Villager (Male) |
| 12:54 | Queue | Villager (Male) |
| 13:09 | Queue | Fishing Ship |
| 13:09 | Queue | Fishing Ship |
| 13:10 | Queue | Fishing Ship |
| 13:50 | Queue | Villager (Male) |
| 13:51 | Queue | Villager (Male) |
| 13:51 | Queue | Villager (Male) |
| 14:01 | Build | Dock |
| 14:07 | Queue | Fishing Ship |
| 14:07 | Queue | Fishing Ship |
| 14:08 | Queue | Fishing Ship |
| 14:08 | Queue | Fishing Ship |
| 14:11 | Queue | Villager (Male) |
| 14:26 | Build | Barracks |
| 14:42 | Build | House |
| 14:45 | Queue | Fishing Ship |
| 14:57 | Queue | Fishing Ship |
| 14:57 | Queue | Fishing Ship |
| 14:58 | Queue | Fishing Ship |
| 15:10 | Build | House |
| 15:16 | Build | Mining Camp |
| 15:36 | Queue | Villager (Male) |
| 15:39 | Research | Feudal Age |
| 15:44 | Build | House |
| 15:50 | Build | Barracks |
| 16:03 | Build | Mill |
| 16:30 | Queue | Fishing Ship |
| 16:30 | Queue | Fishing Ship |
| 16:36 | Queue | Fishing Ship |
| 16:36 | Queue | Fishing Ship |
| 16:45 | Build | House |
| 16:49 | Queue | Villager (Male) |
| 16:49 | Queue | Villager (Male) |
| 16:49 | Queue | Villager (Male) |
| 17:04 | Build | House |
| 17:13 | Build | Barracks |
| 17:51 | Age | Feudal Age |
| 18:11 | Build | Watch Tower |
| 18:48 | Queue | Spearman ×5 |
| 18:48 | Queue | Spearman ×5 |
| 18:48 | Queue | Spearman ×5 |
| 19:27 | Queue | Villager (Male) |
| 19:28 | Queue | Villager (Male) |
| 19:28 | Queue | Villager (Male) |
| 19:29 | Queue | Villager (Male) |
| 19:29 | Queue | Villager (Male) |
| 20:40 | Queue | Spearman |
| 20:40 | Queue | Spearman |
| 21:43 | Queue | Villager (Male) |
| 21:43 | Queue | Villager (Male) |
| 21:44 | Queue | Villager (Male) |
| 21:44 | Queue | Villager (Male) |
| 22:02 | Queue | Villager (Male) |
| 22:03 | Queue | Villager (Male) |
| 22:03 | Queue | Villager (Male) |
| 22:03 | Queue | Villager (Male) |
| 22:13 | Build | House |
| 22:14 | Queue | Villager (Male) |
| 22:15 | Queue | Villager (Male) |
| 22:50 | Queue | Spearman |
| 22:50 | Queue | Spearman |
| 23:30 | Queue | Villager (Male) |
| 23:30 | Queue | Villager (Male) |
| 23:31 | Queue | Villager (Male) |
| 23:31 | Queue | Villager (Male) |
| 23:42 | Research | Wheelbarrow |
| 24:13 | Build | House |
| 24:21 | Build | House |
| 24:23 | Build | House |
| 24:33 | Queue | Villager (Male) |
| 24:34 | Queue | Villager (Male) |
| 25:08 | Build | Lumber Camp |
| 26:08 | Build | Lumber Camp |
| 26:13 | Queue | Villager (Male) |
| 26:13 | Queue | Villager (Male) |
| 26:14 | Queue | Villager (Male) |
| 26:14 | Queue | Villager (Male) |
| 26:25 | Research | Double-Bit Axe |
| 26:37 | Queue | Spearman |
Build order — vitavidal91
First 150 of 766 actions detected
| 0:04 | Queue | Villager (Male) |
| 0:05 | Queue | Villager (Male) |
| 0:07 | Build | House |
| 0:09 | Build | House |
| 0:55 | Queue | Villager (Male) |
| 1:12 | Queue | Villager (Male) |
| 1:36 | Queue | Villager (Male) |
| 2:04 | Queue | Villager (Male) |
| 2:09 | Queue | Villager (Male) |
| 2:41 | Queue | Villager (Male) |
| 2:54 | Queue | Villager (Male) |
| 3:26 | Queue | Villager (Male) |
| 4:05 | Queue | Villager (Male) |
| 4:19 | Queue | Villager (Male) |
| 4:25 | Queue | Villager (Male) |
| 4:42 | Queue | Villager (Male) |
| 4:44 | Research | Loom |
| 4:47 | Build | House |
| 5:12 | Queue | Villager (Male) |
| 5:30 | Queue | Villager (Male) |
| 5:55 | Queue | Villager (Male) |
| 6:10 | Build | House |
| 6:14 | Build | Lumber Camp |
| 6:17 | Queue | Villager (Male) |
| 7:03 | Queue | Villager (Male) |
| 7:33 | Queue | Villager (Male) |
| 7:38 | Build | Mill |
| 8:00 | Queue | Villager (Male) |
| 8:03 | Research | Feudal Age |
| 8:31 | Build | House |
| 8:32 | Build | House |
| 9:13 | Build | Dock |
| 9:45 | Build | Mill |
| 9:57 | Queue | Villager (Male) |
| 10:05 | Build | House |
| 10:13 | Age | Feudal Age |
| 10:34 | Queue | Villager (Male) |
| 10:53 | Queue | Villager (Male) |
| 11:04 | Queue | Villager (Male) |
| 11:11 | Build | Mining Camp |
| 11:18 | Queue | Villager (Male) |
| 11:27 | Queue | Fishing Ship |
| 11:27 | Queue | Fishing Ship |
| 11:49 | Build | Lumber Camp |
| 11:51 | Queue | Villager (Male) |
| 12:18 | Queue | Villager (Male) |
| 12:22 | Build | Farm |
| 12:37 | Queue | Villager (Male) |
| 12:49 | Build | Farm |
| 12:53 | Queue | Fishing Ship |
| 12:53 | Queue | Fishing Ship |
| 13:24 | Build | Stone Wall |
| 13:29 | Queue | Villager (Male) |
| 13:35 | Build | Farm |
| 13:48 | Queue | Villager (Male) |
| 13:59 | Build | House |
| 14:02 | Build | House |
| 14:04 | Build | House |
| 14:06 | Build | House |
| 14:14 | Queue | Villager (Male) |
| 14:20 | Queue | Fishing Ship |
| 14:24 | Queue | Fishing Ship |
| 14:50 | Queue | Villager (Male) |
| 14:50 | Queue | Villager (Male) |
| 15:01 | Queue | Fishing Ship |
| 15:05 | Queue | Villager (Male) |
| 15:28 | Queue | Villager (Male) |
| 15:35 | Queue | Fishing Ship |
| 15:42 | Queue | Villager (Male) |
| 15:49 | Build | Blacksmith |
| 15:54 | Queue | Villager (Male) |
| 15:59 | Build | Market |
| 16:02 | Queue | Villager (Male) |
| 16:12 | Build | Stone Wall |
| 16:30 | Queue | Fishing Ship |
| 16:34 | Queue | Villager (Male) |
| 17:05 | Build | Barracks |
| 17:19 | Build | House |
| 17:20 | Build | House |
| 17:22 | Research | Castle Age |
| 17:47 | Queue | Fishing Ship |
| 17:47 | Queue | Fishing Ship |
| 17:59 | Queue | Fishing Ship |
| 18:04 | Build | Dock |
| 18:28 | Build | Archery Range |
| 18:43 | Build | Mining Camp |
| 18:53 | Build | Archery Range |
| 19:13 | Build | Stone Wall |
| 19:31 | Queue | Fishing Ship |
| 19:31 | Queue | Fishing Ship |
| 19:33 | Research | Tech 906 |
| 19:44 | Queue | Villager (Male) |
| 19:53 | Build | Mining Camp |
| 20:02 | Age | Castle Age |
| 20:04 | Queue | Villager (Male) |
| 20:44 | Queue | Villager (Male) |
| 20:47 | Research | Fletching |
| 20:48 | Research | Padded Archer Armor |
| 21:03 | Build | University |
| 21:07 | Build | Monastery |
| 21:29 | Build | House |
| 21:30 | Build | House |
| 21:32 | Build | House |
| 21:34 | Queue | Villager (Male) |
| 21:47 | Queue | Villager (Male) |
| 21:56 | Queue | Monk |
| 22:08 | Research | Stone Mining |
| 22:10 | Research | Double-Bit Axe |
| 22:17 | Research | Horse Collar |
| 22:39 | Build | Lumber Camp |
| 22:43 | Queue | Villager (Male) |
| 23:06 | Queue | Villager (Male) |
| 23:20 | Build | House |
| 23:21 | Build | House |
| 23:22 | Build | House |
| 23:22 | Build | House |
| 23:24 | Build | House |
| 23:24 | Build | House |
| 23:25 | Build | House |
| 23:27 | Build | House |
| 23:33 | Queue | Villager (Male) |
| 23:45 | Queue | Villager (Male) |
| 24:13 | Build | Castle |
| 24:17 | Queue | Villager (Male) |
| 24:26 | Queue | Villager (Male) |
| 24:39 | Queue | Fishing Ship |
| 24:39 | Queue | Fishing Ship |
| 24:44 | Queue | Fishing Ship |
| 24:44 | Queue | Fishing Ship |
| 24:52 | Queue | Villager (Male) |
| 25:00 | Build | Mining Camp |
| 25:15 | Queue | Longbowman |
| 25:16 | Queue | Longbowman |
| 25:16 | Queue | Longbowman |
| 25:18 | Research | Bodkin Arrow |
| 25:18 | Research | Leather Archer Armor |
| 25:20 | Queue | Longbowman |
| 25:27 | Research | Pikeman (upgrade) |
| 25:27 | Research | Squires |
| 25:30 | Build | Barracks |
| 25:33 | Build | Barracks |
| 25:42 | Queue | Villager (Male) |
| 25:43 | Queue | Villager (Male) |
| 25:46 | Queue | Longbowman |
| 25:46 | Queue | Longbowman |
| 25:53 | Research | Ballistics |
| 26:04 | Research | Gold Mining |
| 26:11 | Queue | Villager (Male) |
| 26:11 | Queue | Villager (Male) |
| 26:15 | Queue | Longbowman |
Build order — Mex
First 150 of 1384 actions detected
| 0:02 | Research | Loom |
| 0:02 | Research | Loom |
| 0:03 | Queue | Villager (Male) |
| 0:03 | Queue | Villager (Male) |
| 0:03 | Queue | Villager (Male) |
| 0:03 | Queue | Villager (Male) |
| 1:45 | Queue | Villager (Male) |
| 2:03 | Queue | Villager (Male) |
| 2:34 | Queue | Villager (Male) |
| 2:34 | Queue | Villager (Male) |
| 2:54 | Queue | Villager (Male) |
| 3:04 | Build | Lumber Camp |
| 3:06 | Queue | Villager (Male) |
| 3:49 | Queue | Villager (Male) |
| 3:49 | Queue | Villager (Male) |
| 4:18 | Queue | Villager (Male) |
| 4:59 | Queue | Villager (Male) |
| 5:18 | Queue | Villager (Male) |
| 5:32 | Build | Mill |
| 6:05 | Queue | Villager (Male) |
| 6:05 | Queue | Villager (Male) |
| 6:23 | Queue | Villager (Male) |
| 7:03 | Build | Dock |
| 7:29 | Queue | Villager (Male) |
| 7:30 | Queue | Villager (Male) |
| 8:13 | Queue | Villager (Male) |
| 8:26 | Build | Dock |
| 8:37 | Queue | Villager (Male) |
| 8:49 | Queue | Fishing Ship |
| 9:02 | Queue | Villager (Male) |
| 9:14 | Queue | Fishing Ship |
| 9:45 | Research | Feudal Age |
| 9:47 | Queue | Fishing Ship |
| 10:23 | Queue | Fishing Ship |
| 10:49 | Queue | Fishing Ship |
| 11:01 | Queue | Fishing Ship |
| 11:29 | Queue | Fishing Ship |
| 11:47 | Queue | Fishing Ship |
| 11:55 | Age | Feudal Age |
| 11:58 | Research | Wheelbarrow |
| 12:01 | Research | Double-Bit Axe |
| 12:12 | Research | Tech 906 |
| 12:23 | Queue | Villager (Male) |
| 12:34 | Queue | Fishing Ship |
| 12:39 | Queue | Fishing Ship |
| 13:04 | Build | Mining Camp |
| 13:19 | Queue | Villager (Male) |
| 13:20 | Queue | Villager (Male) |
| 13:39 | Build | Barracks |
| 13:46 | Queue | Villager (Male) |
| 13:51 | Queue | Fishing Ship |
| 14:00 | Queue | Fishing Ship |
| 14:38 | Build | Stable |
| 14:41 | Queue | Villager (Male) |
| 14:57 | Build | Blacksmith |
| 14:59 | Queue | Villager (Male) |
| 15:29 | Build | Stable |
| 15:33 | Research | Bloodlines |
| 15:53 | Build | Market |
| 15:58 | Queue | Fishing Ship |
| 16:07 | Queue | Fishing Ship |
| 16:16 | Queue | Scout Cavalry |
| 16:22 | Research | Scale Barding Armor |
| 16:24 | Queue | Scout Cavalry |
| 16:33 | Queue | Villager (Male) |
| 16:33 | Queue | Villager (Male) |
| 16:42 | Queue | Scout Cavalry |
| 16:44 | Queue | Scout Cavalry |
| 16:48 | Queue | Fishing Ship |
| 16:55 | Queue | Fishing Ship |
| 17:11 | Build | Mining Camp |
| 17:14 | Queue | Scout Cavalry |
| 17:16 | Queue | Scout Cavalry |
| 17:20 | Queue | Villager (Male) |
| 17:27 | Build | Farm |
| 17:58 | Build | Farm |
| 18:16 | Queue | Villager (Male) |
| 18:23 | Build | Dock |
| 18:24 | Queue | Fishing Ship |
| 18:26 | Queue | Fishing Ship |
| 19:05 | Research | Castle Age |
| 20:23 | Build | Stable |
| 21:45 | Age | Castle Age |
| 21:50 | Build | Siege Workshop |
| 22:00 | Build | Castle |
| 22:13 | Queue | Villager (Male) |
| 22:14 | Queue | Villager (Male) |
| 22:14 | Queue | Villager (Male) |
| 22:24 | Build | Town Center |
| 22:49 | Queue | Battering Ram |
| 22:49 | Queue | Battering Ram |
| 22:53 | Queue | Knight |
| 22:53 | Queue | Knight |
| 22:53 | Queue | Knight |
| 23:02 | Build | Siege Workshop |
| 23:18 | Queue | Tarkan |
| 23:19 | Queue | Tarkan |
| 23:19 | Queue | Tarkan |
| 23:19 | Queue | Tarkan |
| 23:38 | Build | Town Center |
| 24:15 | Queue | Tarkan |
| 24:15 | Queue | Tarkan |
| 24:45 | Queue | Tarkan |
| 24:45 | Queue | Tarkan |
| 25:24 | Queue | Battering Ram |
| 25:24 | Queue | Battering Ram |
| 25:30 | Research | Husbandry |
| 25:36 | Queue | Knight |
| 25:36 | Queue | Knight |
| 25:42 | Queue | Villager (Male) |
| 25:42 | Queue | Villager (Male) |
| 25:43 | Queue | Villager (Male) |
| 25:43 | Queue | Villager (Male) |
| 25:43 | Queue | Villager (Male) |
| 25:44 | Queue | Villager (Male) |
| 25:44 | Queue | Villager (Male) |
| 25:44 | Queue | Villager (Male) |
| 25:44 | Queue | Villager (Male) |
| 25:45 | Queue | Villager (Male) |
| 25:45 | Queue | Villager (Male) |
| 25:57 | Queue | Tarkan |
| 26:07 | Build | Mining Camp |
| 26:08 | Queue | Villager (Male) |
| 26:09 | Queue | Villager (Male) |
| 26:09 | Queue | Villager (Male) |
| 26:09 | Queue | Villager (Male) |
| 26:15 | Research | Hand Cart |
| 26:34 | Queue | Tarkan |
| 26:35 | Queue | Tarkan |
| 26:40 | Queue | Knight |
| 26:40 | Queue | Knight |
| 26:48 | Research | Light Cavalry (upgrade) |
| 27:04 | Queue | Tarkan |
| 27:04 | Queue | Tarkan |
| 27:12 | Queue | Battering Ram |
| 27:27 | Build | Town Center |
| 27:29 | Queue | Villager (Male) |
| 27:29 | Queue | Villager (Male) |
| 27:30 | Queue | Villager (Male) |
| 27:30 | Queue | Villager (Male) |
| 27:30 | Queue | Villager (Male) |
| 27:42 | Build | Mining Camp |
| 27:57 | Queue | Tarkan |
| 27:57 | Queue | Tarkan |
| 28:04 | Research | Chain Barding Armor |
| 28:11 | Research | Stone Mining |
| 28:14 | Research | Horse Collar |
| 28:36 | Queue | Knight |
| 28:37 | Queue | Knight |
| 28:37 | Queue | Knight |
Build order — 2Cool2Care
First 150 of 703 actions detected
| 0:04 | Build | House |
| 0:07 | Build | House |
| 0:10 | Build | House |
| 0:13 | Queue | Villager (Male) |
| 0:13 | Queue | Villager (Male) |
| 0:14 | Queue | Villager (Male) |
| 0:14 | Queue | Villager (Male) |
| 0:14 | Queue | Villager (Male) |
| 0:35 | Build | House |
| 1:00 | Build | Lumber Camp |
| 1:43 | Queue | Villager (Male) |
| 1:43 | Queue | Villager (Male) |
| 2:25 | Queue | Villager (Male) |
| 2:34 | Queue | Villager (Male) |
| 3:05 | Queue | Villager (Male) |
| 3:30 | Queue | Villager (Male) |
| 3:30 | Queue | Villager (Male) |
| 4:00 | Queue | Villager (Male) |
| 4:01 | Queue | Villager (Male) |
| 4:01 | Queue | Villager (Male) |
| 4:28 | Queue | Villager (Male) |
| 5:01 | Queue | Villager (Male) |
| 5:33 | Queue | Villager (Male) |
| 5:33 | Queue | Villager (Male) |
| 5:34 | Queue | Villager (Male) |
| 5:34 | Queue | Villager (Male) |
| 6:15 | Build | Mill |
| 6:44 | Queue | Villager (Male) |
| 6:44 | Queue | Villager (Male) |
| 6:44 | Queue | Villager (Male) |
| 7:02 | Queue | Villager (Male) |
| 7:03 | Queue | Villager (Male) |
| 7:03 | Queue | Villager (Male) |
| 8:49 | Research | Feudal Age |
| 9:15 | Build | Palisade Wall |
| 9:20 | Build | Barracks |
| 9:23 | Build | House |
| 9:54 | Build | Mining Camp |
| 10:06 | Queue | Villager (Male) |
| 10:06 | Queue | Villager (Male) |
| 10:06 | Queue | Villager (Male) |
| 10:07 | Queue | Villager (Male) |
| 10:28 | Queue | Villager (Male) |
| 10:28 | Queue | Villager (Male) |
| 10:29 | Queue | Villager (Male) |
| 10:29 | Queue | Villager (Male) |
| 10:29 | Queue | Villager (Male) |
| 10:52 | Build | House |
| 10:59 | Age | Feudal Age |
| 11:03 | Build | Palisade Wall |
| 11:20 | Build | Blacksmith |
| 11:29 | Build | Market |
| 11:41 | Build | Farm |
| 11:41 | Build | Farm |
| 11:41 | Build | Farm |
| 11:42 | Build | Farm |
| 11:42 | Build | Farm |
| 11:42 | Build | Farm |
| 11:43 | Build | Farm |
| 11:43 | Build | Farm |
| 11:43 | Build | Farm |
| 11:43 | Build | Farm |
| 12:05 | Build | Farm |
| 12:36 | Build | Farm |
| 12:39 | Research | Double-Bit Axe |
| 12:52 | Build | House |
| 13:24 | Build | Farm |
| 13:26 | Research | Horse Collar |
| 13:35 | Build | House |
| 13:37 | Build | House |
| 13:38 | Build | House |
| 13:43 | Build | Palisade Wall |
| 13:50 | Research | Wheelbarrow |
| 14:05 | Build | Farm |
| 14:17 | Build | Farm |
| 14:27 | Build | Farm |
| 14:41 | Build | Farm |
| 14:52 | Build | Farm |
| 15:13 | Queue | Villager (Male) |
| 15:14 | Queue | Villager (Male) |
| 15:29 | Build | Farm |
| 15:37 | Build | Farm |
| 15:42 | Build | Farm |
| 16:00 | Build | Farm |
| 16:08 | Build | Farm |
| 16:09 | Queue | Villager (Male) |
| 16:10 | Queue | Villager (Male) |
| 16:44 | Build | House |
| 16:49 | Research | Castle Age |
| 17:16 | Queue | Villager (Male) |
| 17:16 | Queue | Villager (Male) |
| 17:16 | Queue | Villager (Male) |
| 17:43 | Build | Mining Camp |
| 18:03 | Build | Stable |
| 18:34 | Build | Palisade Wall |
| 19:11 | Research | Stone Mining |
| 19:22 | Research | Gold Mining |
| 19:36 | Research | Fletching |
| 19:36 | Research | Padded Archer Armor |
| 19:39 | Age | Castle Age |
| 19:40 | Queue | Villager (Male) |
| 19:40 | Queue | Villager (Male) |
| 19:51 | Research | Bow Saw |
| 19:51 | Research | Bow Saw |
| 20:17 | Research | Bodkin Arrow |
| 20:48 | Research | Leather Archer Armor |
| 20:55 | Research | Stone Shaft Mining |
| 21:41 | Queue | Villager (Male) |
| 21:41 | Queue | Villager (Male) |
| 21:42 | Queue | Villager (Male) |
| 22:28 | Queue | Villager (Male) |
| 22:28 | Queue | Villager (Male) |
| 22:31 | Build | Farm |
| 22:50 | Build | Castle |
| 23:04 | Queue | Villager (Male) |
| 23:39 | Build | Mining Camp |
| 23:51 | Research | Imperial Age |
| 23:55 | Research | Town Watch |
| 24:25 | Queue | Conquistador |
| 24:28 | Queue | Conquistador |
| 24:34 | Research | Hand Cart |
| 25:08 | Research | Heavy Plow |
| 25:11 | Queue | Conquistador |
| 25:28 | Queue | Conquistador |
| 25:44 | Queue | Conquistador |
| 26:03 | Queue | Conquistador |
| 26:14 | Research | Light Cavalry (upgrade) |
| 26:16 | Research | Bloodlines |
| 26:17 | Research | Husbandry |
| 26:28 | Research | Husbandry |
| 26:45 | Queue | Conquistador |
| 27:05 | Queue | Conquistador |
| 27:25 | Age | Imperial Age |
| 27:30 | Queue | Trebuchet (Packed) |
| 27:37 | Research | Conscription |
| 27:39 | Queue | Trebuchet (Packed) |
| 27:50 | Research | Town Watch |
| 27:53 | Queue | Villager (Male) |
| 28:00 | Queue | Trebuchet (Packed) |
| 28:15 | Queue | Villager (Male) |
| 28:39 | Build | Lumber Camp |
| 28:50 | Build | Stone Wall |
| 29:15 | Queue | Villager (Male) |
| 29:39 | Queue | Villager (Male) |
| 29:40 | Queue | Villager (Male) |
| 29:40 | Queue | Villager (Male) |
| 30:05 | Queue | Conquistador |
| 30:08 | Queue | Conquistador |
| 30:16 | Research | Bracer |
| 30:26 | Queue | Conquistador |
Build order — GuilleLeopold17
First 150 of 483 actions detected
| 0:02 | Queue | Villager (Male) |
| 0:02 | Queue | Villager (Male) |
| 0:02 | Queue | Villager (Male) |
| 0:04 | Build | House |
| 0:07 | Build | House |
| 0:39 | Queue | Villager (Male) |
| 0:39 | Queue | Villager (Male) |
| 1:22 | Queue | Villager (Male) |
| 1:22 | Queue | Villager (Male) |
| 1:57 | Queue | Villager (Male) |
| 1:57 | Queue | Villager (Male) |
| 2:11 | Queue | Villager (Male) |
| 2:11 | Queue | Villager (Male) |
| 2:11 | Queue | Villager (Male) |
| 2:19 | Build | Lumber Camp |
| 2:59 | Queue | Villager (Male) |
| 2:59 | Queue | Villager (Male) |
| 3:00 | Queue | Villager (Male) |
| 3:07 | Build | House |
| 3:08 | Build | House |
| 3:33 | Queue | Villager (Male) |
| 3:33 | Queue | Villager (Male) |
| 3:33 | Queue | Villager (Male) |
| 4:36 | Queue | Villager (Male) |
| 4:36 | Queue | Villager (Male) |
| 5:03 | Queue | Villager (Male) |
| 5:03 | Queue | Villager (Male) |
| 5:03 | Queue | Villager (Male) |
| 5:04 | Queue | Villager (Male) |
| 5:25 | Queue | Villager (Male) |
| 5:26 | Queue | Villager (Male) |
| 5:26 | Queue | Villager (Male) |
| 5:44 | Queue | Villager (Male) |
| 5:44 | Queue | Villager (Male) |
| 6:53 | Queue | Villager (Male) |
| 7:06 | Build | Dock |
| 7:23 | Build | Mining Camp |
| 8:10 | Build | Mill |
| 8:19 | Build | Mill |
| 8:21 | Queue | Villager (Male) |
| 8:22 | Queue | Villager (Male) |
| 8:56 | Queue | Fishing Ship |
| 8:56 | Queue | Fishing Ship |
| 9:24 | Research | Feudal Age |
| 9:40 | Build | Barracks |
| 9:45 | Build | House |
| 9:46 | Build | House |
| 10:22 | Queue | Fishing Ship |
| 10:51 | Queue | Villager (Male) |
| 10:52 | Queue | Villager (Male) |
| 11:34 | Age | Feudal Age |
| 11:39 | Build | Blacksmith |
| 11:42 | Research | Man-at-Arms (upgrade) |
| 11:53 | Build | House |
| 12:04 | Queue | Fishing Ship |
| 12:11 | Queue | Villager (Male) |
| 12:30 | Queue | Villager (Male) |
| 12:34 | Queue | Militia |
| 12:35 | Queue | Militia |
| 12:35 | Queue | Militia |
| 12:55 | Research | Double-Bit Axe |
| 13:21 | Build | Market |
| 13:30 | Queue | Villager (Male) |
| 13:30 | Queue | Villager (Male) |
| 13:39 | Queue | Militia |
| 13:45 | Research | Forging |
| 14:13 | Build | House |
| 14:14 | Build | House |
| 14:18 | Queue | Villager (Male) |
| 14:27 | Queue | Fishing Ship |
| 14:27 | Queue | Fishing Ship |
| 15:14 | Queue | Militia |
| 15:14 | Queue | Militia |
| 15:43 | Build | Farm |
| 15:43 | Build | Farm |
| 15:43 | Build | Farm |
| 15:44 | Build | Farm |
| 15:44 | Build | Farm |
| 15:44 | Build | Farm |
| 15:45 | Build | Farm |
| 15:49 | Research | Castle Age |
| 16:03 | Build | Farm |
| 16:03 | Build | Farm |
| 16:03 | Build | Farm |
| 16:04 | Build | Farm |
| 16:13 | Build | Farm |
| 16:13 | Build | Farm |
| 16:13 | Build | Farm |
| 16:14 | Build | Farm |
| 16:14 | Build | Farm |
| 16:14 | Build | Farm |
| 16:51 | Research | Scale Mail Armor |
| 16:58 | Build | Farm |
| 16:58 | Build | Farm |
| 16:58 | Build | Farm |
| 16:59 | Build | Farm |
| 17:23 | Queue | Villager (Male) |
| 17:24 | Queue | Villager (Male) |
| 17:24 | Queue | Villager (Male) |
| 18:29 | Age | Castle Age |
| 19:09 | Research | Chain Mail Armor |
| 19:09 | Research | Iron Casting |
| 19:14 | Queue | Villager (Male) |
| 19:14 | Queue | Villager (Male) |
| 19:22 | Build | Town Center |
| 19:27 | Queue | Villager (Male) |
| 19:27 | Queue | Villager (Male) |
| 19:30 | Research | Tech 906 |
| 19:31 | Queue | Fishing Ship |
| 19:31 | Queue | Fishing Ship |
| 19:31 | Queue | Fishing Ship |
| 19:45 | Research | Long Swordsman (upgrade) |
| 20:42 | Research | Pikeman (upgrade) |
| 20:54 | Build | Barracks |
| 21:17 | Queue | Militia |
| 21:17 | Queue | Militia |
| 21:33 | Queue | Fishing Ship |
| 21:41 | Queue | Spearman |
| 21:41 | Queue | Spearman |
| 22:05 | Queue | Villager (Male) |
| 22:05 | Queue | Villager (Male) |
| 22:06 | Queue | Villager (Male) |
| 22:06 | Queue | Villager (Male) |
| 22:36 | Build | Town Center |
| 22:43 | Build | House |
| 22:49 | Queue | Militia |
| 22:49 | Queue | Militia |
| 22:49 | Queue | Militia |
| 23:17 | Queue | Spearman |
| 23:50 | Queue | Villager (Male) ×5 |
| 23:59 | Build | House |
| 23:59 | Build | House |
| 24:00 | Build | House |
| 24:00 | Build | House |
| 24:00 | Build | House |
| 24:01 | Build | House |
| 24:54 | Queue | Spearman |
| 24:54 | Queue | Spearman |
| 26:06 | Queue | Villager (Male) ×5 |
| 26:06 | Queue | Villager (Male) ×5 |
| 26:26 | Build | Lumber Camp |
| 26:42 | Build | Farm |
| 26:44 | Build | Farm |
| 26:47 | Queue | Villager (Male) |
| 26:47 | Queue | Villager (Male) |
| 26:47 | Queue | Villager (Male) |
| 27:00 | Build | Lumber Camp |
| 27:19 | Build | Siege Workshop |
| 28:01 | Queue | Scorpion |
| 28:01 | Queue | Scorpion |
Build order — gxv20p4qk
First 150 of 655 actions detected
| 0:06 | Build | House |
| 0:09 | Build | House |
| 0:09 | Queue | Villager (Male) |
| 0:09 | Queue | Villager (Male) |
| 0:10 | Queue | Villager (Male) |
| 0:10 | Queue | Villager (Male) |
| 0:10 | Queue | Villager (Male) |
| 0:10 | Queue | Villager (Male) |
| 0:46 | Build | Lumber Camp |
| 1:40 | Queue | Villager (Male) |
| 1:40 | Queue | Villager (Male) |
| 1:40 | Queue | Villager (Male) |
| 2:24 | Queue | Villager (Male) |
| 2:24 | Queue | Villager (Male) |
| 2:24 | Queue | Villager (Male) |
| 2:38 | Queue | Villager (Male) |
| 2:39 | Queue | Villager (Male) |
| 2:39 | Queue | Villager (Male) |
| 3:22 | Queue | Villager (Male) |
| 3:22 | Queue | Villager (Male) |
| 3:22 | Queue | Villager (Male) |
| 3:36 | Build | Mill |
| 4:03 | Queue | Villager (Male) |
| 4:03 | Queue | Villager (Male) |
| 4:13 | Build | House |
| 4:38 | Queue | Villager (Male) |
| 4:38 | Queue | Villager (Male) |
| 4:39 | Queue | Villager (Male) |
| 4:39 | Queue | Villager (Male) |
| 5:36 | Queue | Villager (Male) |
| 5:36 | Queue | Villager (Male) |
| 5:36 | Queue | Villager (Male) |
| 5:36 | Queue | Villager (Male) |
| 6:39 | Build | House |
| 6:47 | Queue | Villager (Male) |
| 6:47 | Queue | Villager (Male) |
| 7:03 | Build | Mining Camp |
| 7:39 | Queue | Villager (Male) |
| 8:00 | Queue | Villager (Male) |
| 8:02 | Research | Feudal Age |
| 8:59 | Queue | Villager (Male) |
| 10:06 | Build | Barracks |
| 10:37 | Build | House |
| 10:41 | Age | Feudal Age |
| 10:51 | Build | Pasture |
| 11:00 | Build | Blacksmith |
| 11:09 | Build | House |
| 11:23 | Build | Market |
| 11:28 | Build | Palisade Wall |
| 11:31 | Queue | Villager (Male) |
| 11:38 | Research | Loom |
| 12:01 | Queue | Spearman |
| 12:21 | Build | Dock |
| 12:33 | Queue | Villager (Male) |
| 12:44 | Build | Pasture |
| 13:19 | Queue | Villager (Male) |
| 13:24 | Build | Pasture |
| 14:04 | Queue | Spearman |
| 14:13 | Build | Blacksmith |
| 14:49 | Research | Castle Age |
| 15:01 | Build | Stable |
| 15:35 | Build | Palisade Wall |
| 15:39 | Build | Palisade Wall |
| 16:09 | Build | House |
| 16:43 | Build | House |
| 16:48 | Research | Double-Bit Axe |
| 16:56 | Build | Pasture |
| 16:59 | Queue | Fishing Ship |
| 17:23 | Build | House |
| 17:29 | Age | Castle Age |
| 17:32 | Build | Town Center |
| 17:33 | Queue | Villager (Male) |
| 17:34 | Queue | Villager (Male) |
| 18:14 | Build | Monastery |
| 18:53 | Research | Bow Saw |
| 18:56 | Queue | Villager (Male) |
| 18:56 | Queue | Villager (Male) |
| 18:57 | Queue | Villager (Male) |
| 18:57 | Queue | Villager (Male) |
| 18:57 | Queue | Villager (Male) |
| 19:17 | Queue | Monk |
| 19:20 | Queue | Fishing Ship |
| 19:41 | Queue | Villager (Male) |
| 19:41 | Queue | Villager (Male) |
| 19:41 | Queue | Villager (Male) |
| 19:41 | Queue | Villager (Male) |
| 20:08 | Build | House |
| 20:16 | Build | Palisade Wall |
| 20:22 | Queue | Villager (Male) |
| 20:22 | Queue | Villager (Male) |
| 20:51 | Queue | Villager (Male) |
| 20:51 | Queue | Villager (Male) |
| 21:14 | Queue | Steppe Lancer |
| 21:14 | Queue | Steppe Lancer |
| 21:35 | Build | Siege Workshop |
| 21:40 | Build | Palisade Wall |
| 21:50 | Queue | Villager (Male) |
| 21:51 | Queue | Villager (Male) |
| 21:51 | Queue | Villager (Male) |
| 21:51 | Queue | Villager (Male) |
| 22:05 | Queue | Villager (Male) |
| 22:05 | Queue | Villager (Male) |
| 22:12 | Build | Pasture |
| 22:12 | Build | Pasture |
| 22:14 | Build | Pasture |
| 22:18 | Build | Pasture |
| 22:43 | Build | Pasture |
| 22:55 | Queue | Steppe Lancer |
| 22:55 | Queue | Steppe Lancer |
| 23:21 | Build | Castle |
| 23:32 | Build | House |
| 23:34 | Build | House |
| 24:37 | Research | Husbandry |
| 24:38 | Queue | Steppe Lancer |
| 24:38 | Queue | Steppe Lancer |
| 24:45 | Build | Town Center |
| 24:53 | Build | House |
| 25:07 | Queue | Unit 1920 |
| 25:07 | Queue | Unit 1920 |
| 25:07 | Queue | Unit 1920 |
| 25:15 | Research | Forging |
| 25:51 | Build | Stable |
| 25:54 | Queue | Battering Ram |
| 25:54 | Queue | Battering Ram |
| 26:06 | Queue | Villager (Male) |
| 26:06 | Queue | Villager (Male) |
| 26:06 | Queue | Villager (Male) |
| 26:07 | Queue | Villager (Male) |
| 26:14 | Build | House |
| 26:23 | Build | Barracks |
| 26:28 | Research | Fletching |
| 26:31 | Research | Squires |
| 27:03 | Queue | Fire Lancer |
| 27:03 | Queue | Fire Lancer |
| 27:10 | Build | Lumber Camp |
| 27:19 | Queue | Unit 1920 |
| 27:19 | Queue | Unit 1920 |
| 27:20 | Queue | Unit 1920 |
| 27:29 | Queue | Villager (Male) |
| 27:29 | Queue | Villager (Male) |
| 27:29 | Queue | Villager (Male) |
| 27:29 | Queue | Villager (Male) |
| 27:30 | Queue | Villager (Male) |
| 27:34 | Build | Pasture |
| 27:34 | Build | Pasture |
| 27:35 | Build | Pasture |
| 27:35 | Build | Pasture |
| 27:40 | Build | Pasture |
| 28:10 | Queue | Unit 1920 |
| 28:39 | Research | Bodkin Arrow |
Build order — tatomagallanes
First 150 of 476 actions detected
| 0:01 | Queue | Villager (Male) |
| 0:02 | Queue | Villager (Male) |
| 0:02 | Queue | Villager (Male) |
| 0:03 | Queue | Villager (Male) |
| 0:03 | Queue | Villager (Male) |
| 0:11 | Build | House |
| 0:17 | Build | House |
| 1:34 | Queue | Villager (Male) |
| 2:22 | Queue | Villager (Male) |
| 2:33 | Research | Loom |
| 2:34 | Queue | Villager (Male) |
| 3:17 | Queue | Villager (Male) |
| 3:58 | Queue | Villager (Male) |
| 3:58 | Queue | Villager (Male) |
| 4:17 | Build | Mill |
| 4:39 | Build | House |
| 4:50 | Build | Lumber Camp |
| 4:55 | Queue | Villager (Male) |
| 4:56 | Queue | Villager (Male) |
| 5:17 | Queue | Villager (Male) |
| 5:17 | Queue | Villager (Male) |
| 5:53 | Queue | Villager (Male) |
| 5:53 | Queue | Villager (Male) |
| 5:53 | Queue | Villager (Male) |
| 6:25 | Build | House |
| 6:27 | Build | House |
| 6:47 | Queue | Villager (Male) |
| 7:31 | Queue | Villager (Male) |
| 7:32 | Queue | Villager (Male) |
| 7:52 | Queue | Villager (Male) |
| 7:52 | Queue | Villager (Male) |
| 7:53 | Queue | Villager (Male) |
| 8:17 | Build | Farm |
| 8:19 | Build | Farm |
| 8:21 | Build | Farm |
| 8:28 | Build | Mill |
| 8:49 | Queue | Villager (Male) |
| 8:49 | Queue | Villager (Male) |
| 9:07 | Build | Farm |
| 9:49 | Build | Mining Camp |
| 10:19 | Research | Feudal Age |
| 10:19 | Research | Feudal Age |
| 10:19 | Research | Feudal Age |
| 11:12 | Queue | Villager (Male) |
| 11:13 | Queue | Villager (Male) |
| 11:13 | Queue | Villager (Male) |
| 11:53 | Build | Barracks |
| 12:29 | Age | Feudal Age |
| 12:34 | Build | Blacksmith |
| 13:08 | Build | Stable |
| 14:07 | Build | Mining Camp |
| 14:15 | Research | Man-at-Arms (upgrade) |
| 14:17 | Queue | Militia |
| 14:17 | Queue | Militia |
| 14:24 | Research | Stone Mining |
| 14:42 | Build | House |
| 14:43 | Build | House |
| 14:45 | Build | House |
| 14:55 | Research | Double-Bit Axe |
| 15:41 | Queue | Militia |
| 15:49 | Research | Castle Age |
| 15:49 | Research | Castle Age |
| 16:00 | Queue | Militia |
| 16:50 | Research | Scale Mail Armor |
| 17:08 | Queue | Militia |
| 17:14 | Build | Farm |
| 17:16 | Build | Farm |
| 17:18 | Build | Farm |
| 18:29 | Age | Castle Age |
| 19:31 | Build | Castle |
| 21:01 | Build | University |
| 21:29 | Research | Murder Holes |
| 22:51 | Queue | Shotel Warrior |
| 22:51 | Queue | Shotel Warrior |
| 22:51 | Queue | Shotel Warrior |
| 22:51 | Queue | Shotel Warrior |
| 23:09 | Build | Lumber Camp |
| 24:30 | Queue | Shotel Warrior |
| 24:30 | Queue | Shotel Warrior |
| 24:30 | Queue | Shotel Warrior |
| 24:30 | Queue | Shotel Warrior |
| 24:53 | Queue | Shotel Warrior |
| 24:53 | Queue | Shotel Warrior |
| 25:28 | Build | Town Center |
| 25:32 | Queue | Villager (Male) |
| 25:32 | Queue | Villager (Male) |
| 25:32 | Queue | Villager (Male) |
| 25:38 | Build | Farm |
| 26:45 | Queue | Villager (Male) |
| 26:46 | Queue | Villager (Male) |
| 26:52 | Build | Farm |
| 26:53 | Build | Farm |
| 26:55 | Build | Farm |
| 27:07 | Queue | Villager (Male) |
| 27:07 | Queue | Villager (Male) |
| 27:17 | Build | Farm |
| 27:21 | Queue | Spearman |
| 28:00 | Queue | Villager (Male) |
| 28:00 | Queue | Villager (Male) |
| 28:14 | Build | Town Center |
| 28:18 | Queue | Villager (Male) |
| 28:32 | Build | Farm |
| 28:41 | Build | Farm |
| 28:46 | Build | Farm |
| 28:47 | Build | Farm |
| 28:48 | Build | Farm |
| 28:50 | Build | Farm |
| 28:54 | Build | Farm |
| 28:59 | Queue | Villager (Male) |
| 29:02 | Queue | Villager (Male) |
| 29:12 | Queue | Spearman |
| 29:12 | Queue | Spearman |
| 29:38 | Build | Farm |
| 29:39 | Build | Farm |
| 29:43 | Queue | Villager (Male) |
| 29:46 | Queue | Villager (Male) |
| 29:53 | Queue | Spearman |
| 30:00 | Queue | Villager (Male) |
| 30:19 | Queue | Villager (Male) |
| 30:22 | Queue | Villager (Male) |
| 30:29 | Queue | Spearman |
| 30:29 | Queue | Spearman |
| 30:45 | Build | Farm |
| 30:46 | Build | Farm |
| 30:48 | Build | Farm |
| 30:50 | Build | Farm |
| 30:55 | Research | Horse Collar |
| 32:05 | Queue | Spearman |
| 32:06 | Queue | Spearman |
| 32:06 | Queue | Spearman |
| 32:18 | Queue | Villager (Male) |
| 32:18 | Queue | Villager (Male) |
| 32:18 | Queue | Villager (Male) |
| 33:41 | Queue | Spearman |
| 33:41 | Queue | Spearman |
| 33:41 | Queue | Spearman |
| 35:08 | Queue | Spearman |
| 35:09 | Queue | Spearman |
| 35:09 | Queue | Spearman |
| 35:09 | Queue | Spearman |
| 35:21 | Queue | Villager (Male) |
| 35:22 | Queue | Villager (Male) |
| 35:25 | Build | Farm |
| 35:36 | Queue | Villager (Male) |
| 35:36 | Queue | Villager (Male) |
| 35:43 | Build | House |
| 35:43 | Build | House |
| 35:44 | Build | House |
| 35:44 | Build | House |
| 35:44 | Build | House |
Match timeline
| 2:54 | AnimedBongodinez · first_building Dock |
| 7:03 | Mex · first_building Dock |
| 7:06 | GuilleLeopold17 · first_building Dock |
| 9:13 | vitavidal91 · first_building Dock |
| 9:15 | 2Cool2Care · wall_segment Palisade Wall x1 |
| 9:20 | 2Cool2Care · first_building Barracks |
| 9:40 | GuilleLeopold17 · first_building Barracks |
| 10:06 | gxv20p4qk · first_building Barracks |
| 10:10 | felipegarcia92 · first_building Barracks |
| 10:13 | vitavidal91 · age_up feudal |
| 10:41 | gxv20p4qk · age_up feudal |
| 10:59 | 2Cool2Care · age_up feudal |
| 11:03 | 2Cool2Care · wall_segment Palisade Wall x1 |
| 11:28 | gxv20p4qk · wall_segment Palisade Wall x1 |
| 11:34 | GuilleLeopold17 · age_up feudal |
| 11:53 | tatomagallanes · first_building Barracks |
| 11:55 | Mex · age_up feudal |
| 12:01 | felipegarcia92 · first_building Dock |
| 12:09 | felipegarcia92 · age_up feudal |
| 12:21 | gxv20p4qk · first_building Dock |
| 12:29 | tatomagallanes · age_up feudal |
| 13:08 | tatomagallanes · first_building Stable |
| 13:24 | vitavidal91 · wall_segment Stone Wall x17 |
| 13:39 | Mex · first_building Barracks |
| 13:42 | felipegarcia92 · first_building Stable |
| 13:43 | 2Cool2Care · wall_segment Palisade Wall x1 |
| 14:26 | AnimedBongodinez · first_building Barracks |
| 14:38 | Mex · first_building Stable |
| 15:01 | gxv20p4qk · first_building Stable |
| 15:35 | gxv20p4qk · wall_segment Palisade Wall x17 |
| 15:39 | gxv20p4qk · wall_segment Palisade Wall x9 |
| 16:12 | vitavidal91 · wall_segment Stone Wall x16 |
| 17:05 | vitavidal91 · first_building Barracks |
| 17:29 | gxv20p4qk · age_up castle |
| 17:51 | AnimedBongodinez · age_up feudal |
| 18:03 | 2Cool2Care · first_building Stable |
| 18:14 | gxv20p4qk · first_building Monastery |
| 18:28 | vitavidal91 · first_building Archery Range |
| 18:29 | tatomagallanes · age_up castle |
| 18:29 | GuilleLeopold17 · age_up castle |
| 18:34 | 2Cool2Care · wall_segment Palisade Wall x1 |
| 19:04 | felipegarcia92 · age_up castle |
| 19:13 | vitavidal91 · wall_segment Stone Wall x6 |
| 19:31 | tatomagallanes · first_building Castle |
| 19:39 | 2Cool2Care · age_up castle |
| 20:02 | vitavidal91 · age_up castle |
| 20:16 | gxv20p4qk · wall_segment Palisade Wall x1 |
| 20:47 | Mex · first_market_sell 100 wood |
| 20:50 | Mex · first_market_buy 100 stone |
| 21:07 | vitavidal91 · first_building Monastery |
| 21:35 | gxv20p4qk · first_building Siege Workshop |
| 21:40 | gxv20p4qk · wall_segment Palisade Wall x8 |
| 21:45 | Mex · age_up castle |
| 21:50 | Mex · first_building Siege Workshop |
| 21:56 | felipegarcia92 · first_building Castle |
| 22:00 | Mex · first_building Castle |
| 22:50 | 2Cool2Care · first_building Castle |
| 23:21 | gxv20p4qk · first_building Castle |
| 24:13 | vitavidal91 · first_building Castle |
| 25:18 | GuilleLeopold17 · first_market_buy 100 stone |
| 25:25 | GuilleLeopold17 · tribute_sent a jugador 1 |
| 25:25 | GuilleLeopold17 · tribute_sent a jugador 2 |
| 25:25 | GuilleLeopold17 · tribute_sent a jugador 3 |
| 25:25 | GuilleLeopold17 · tribute_sent a jugador 4 |
| 25:25 | GuilleLeopold17 · tribute_sent a jugador 5 |
| 25:25 | GuilleLeopold17 · tribute_sent a jugador 7 |
| 25:25 | GuilleLeopold17 · tribute_sent a jugador 8 |
| 27:19 | GuilleLeopold17 · first_building Siege Workshop |
| 27:25 | 2Cool2Care · age_up imperial |
| 28:50 | 2Cool2Care · wall_segment Stone Wall x1 |
| 28:55 | Mex · first_building Archery Range |
| 29:10 | vitavidal91 · first_building Siege Workshop |
| 29:42 | gxv20p4qk · wall_segment Stone Wall x1 |
| 31:29 | vitavidal91 · first_market_buy 100 wood |
| 31:48 | AnimedBongodinez · age_up castle |
| 32:08 | GuilleLeopold17 · first_building Castle |
| 32:36 | GuilleLeopold17 · first_building Monastery |
| 33:37 | gxv20p4qk · first_market_buy 100 stone |
| 34:11 | AnimedBongodinez · first_building Monastery |
| 35:55 | felipegarcia92 · age_up imperial |
| 37:31 | Mex · age_up imperial |
| 37:55 | AnimedBongodinez · first_building Stable |
| 38:36 | GuilleLeopold17 · age_up imperial |
| 39:04 | AnimedBongodinez · first_building Castle |
| 40:43 | vitavidal91 · age_up imperial |
| 40:45 | tatomagallanes · first_building Archery Range |
| 41:00 | felipegarcia92 · first_market_sell 500 wood |
| 43:01 | gxv20p4qk · age_up imperial |
| 43:53 | vitavidal91 · first_market_sell 100 food |
| 44:32 | gxv20p4qk · wall_segment Stone Wall x9 |
| 44:33 | GuilleLeopold17 · first_market_sell 500 stone |
| 44:49 | gxv20p4qk · wall_segment Stone Wall x3 |
| 45:44 | AnimedBongodinez · age_up imperial |
| 51:01 | gxv20p4qk · wall_segment Stone Wall x8 |
| 52:04 | felipegarcia92 · first_market_buy 100 stone |
| 54:13 | gxv20p4qk · first_building Archery Range |
| 55:02 | 2Cool2Care · first_market_sell 100 food |
| 62:33 | 2Cool2Care · first_building Archery Range |
| 75:25 | GuilleLeopold17 · first_building Archery Range |
| 78:36 | AnimedBongodinez · first_building Siege Workshop |
| 85:26 | gxv20p4qk · first_market_sell 100 food |
| 92:28 | vitavidal91 · first_building Stable |
| 94:13 | tatomagallanes · resign |
[ AI ANALYSIS · 1 CREDIT ]
What really happened in this match?
Wolo.gg analyzes every decision: build order, eco, micro, common mistakes by bracket. Personalized analysis on WhatsApp or Discord in 30 seconds.
Civ guide
Malians
Perfil
Jugador #2549294